 Dungeon Crawl Stone Soup version 0.30-a0-3-gc9032a9cac (webtiles) character file.

Game seed: 13452465910487403949

6339 Descartes the Blocker (level 11, -2/74 (81) HPs)
             Began as a Formicid Fighter on Aug 19, 2022.
             Was an Initiate of Gozag.
             Slain by an 11-headed hydra (11 damage)
             ... on level 9 of the Dungeon on Aug 20, 2022.
             The game lasted 00:26:24 (11463 turns).

Descartes the Blocker (Formicid Fighter)           Turns: 11463, Time: 00:26:28

HP:   -2/74 (81)    AC: 11    Str: 23    XL:     11   Next: 16%
MP:   20/20         EV: 10    Int: 13    God:    Gozag
Gold: 518           SH:  7    Dex: 18    Spells: 5/10 levels left

rFire   + . .      SeeInvis +    B - +10 battleaxe of Blood-Lust {drain, rPois Str+3 Dex+5 Stlth-}
rCold   + . .      Faith    .    c - +0 buckler
rNeg    . . .      Spirit   .    O - +2 leather armour {Will+}
rPois   +          Reflect  .    (helmet unavailable)
rElec   +          Harm     .    (no cloak)
rCorr   +          Rampage  .    J - +0 pair of gloves
Will    ++...                    (no boots)
Stlth   ..........               r - amulet of the acrobat
HPRegen 0.22/turn                H - ring of magical power
MPRegen 0.17/turn                o - +4 ring of protection

@: mighty, resistant, drained, invisible
A: permanent stasis, dig shafts and tunnels, antennae 3, four strong arms
a: Dig, Shaft Self, Renounce Religion, Potion Petition, Call Merchant, Bribe
Branch


You were on level 9 of the Dungeon.
You worshipped Gozag.
Gozag was pleased with you.
You visited 2 branches of the dungeon, and saw 10 of its levels.

You collected 1256 gold pieces.
You paid 738 gold pieces to Gozag.

Inventory:

Hand Weapons
 g - a +1 dire flail of protection
 y - a +3 halberd of freezing
 A - a +2 hand axe of electrocution
 B - the +10 battleaxe of Blood-Lust (weapon) {drain, rPois Str+3 Dex+5 Stlth-}
   (You found it on level 5 of the Dungeon)

   A truly terrible weapon, it drains the life of any living foe it strikes.
   Str:       It affects your strength (+3).
   Dex:       It affects your dexterity (+5).
   rPois:     It protects you from poison.
   Stlth:     It makes you less stealthy.
 N - a +5 rapier of distortion
Missiles
 b - a throwing net
 e - 62 stones
 i - 19 poisoned darts
 s - 5 javelins
 K - 9 curare-tipped darts
 L - a boomerang
Armour
 c - a +0 buckler (worn)
 l - a +0 plate armour
 E - a +2 leather armour of fire resistance
 J - a +0 pair of gloves (worn)
 O - a +2 leather armour of willpower (worn)
Jewellery
 o - a +4 ring of protection (right hand)
 q - an amulet of magic regeneration
 r - an amulet of the acrobat (around neck)
 H - a ring of magical power (left hand)
Wands
 a - a wand of flame (25)
 F - a wand of roots (8)
 M - a wand of digging (3)
Scrolls
 f - 3 scrolls of immolation
 n - a scroll of enchant weapon
 p - a scroll of torment {unknown}
 t - 6 scrolls of vulnerability
 u - a scroll of enchant armour {unknown}
 x - a scroll of fear {unknown}
 C - a scroll of silence {unknown}
 D - a scroll of amnesia {unknown}
 G - 2 scrolls of poison
Potions
 d - a potion of might
 h - 2 potions of brilliance
 j - a potion of cancellation
 v - 3 potions of curing
 w - a potion of magic
 z - 3 potions of attraction
 P - a potion of lignification


   Skills:
 + Level 6.2 Fighting
 + Level 5.2(6.8) Axes
 + Level 4.6(5.8) Maces & Flails
 + Level 4.6(5.8) Polearms
 * Level 8.3 Armour
 * Level 10.1 Shields
 + Level 5.4 Hexes
 + Level 4.2 Translocations
 + Level 5.1 Evocations


You had 5 spell levels left.
You knew the following spells:

 Your Spells              Type           Power      Damage    Failure   Level
a - Ensorcelled Hibernat  Hex/Ice        14%        N/A       21%         2
b - Dazzling Flash        Conj/Hex       14%        N/A       38%         3

Your spell library contained the following spells:

 Spells                   Type           Power      Damage    Failure   Level
 Sting                    Tmut/Pois      0%         1d3       38%         1
 Passwall                 Tmut/Erth      0%         N/A       52%         2
 Poisonous Vapours        Pois/Air       0%         N/A       52%         2
 Iskenderun's Mystic Bla  Conj/Tloc      5%         2d3       86%         4
 Silence                  Hex/Air        3%         N/A       98%         5
 Summon Mana Viper        Hex/Summ       7%         N/A       98%         5
 Olgreb's Toxic Radiance  Pois           0%         N/A       99%         4
 Summon Ice Beast         Ice/Summ       0%         N/A       99%         4
 Agony                    Necr           0%         N/A       100%        5
 Starburst                Conj/Fire      0%         6d3       100%        6
 Monstrous Menagerie      Summ           0%         N/A       100%        7
 Swiftness                Air            Unusable   N/A       N/A         3

Dungeon Overview and Level Annotations

Branches:
Dungeon (9/15)             Temple (1/1) D:5            Lair (0/5) D:9
    Orc: D:9-12

Altars:
Elyvilon
Fedhas
Gozag
Hepliaklqana
Kikubaaqudgha
Makhleb
Nemelex Xobeh
Okawaru
Qazlal
Ru
Sif Muna
Uskayaw
Vehumet
Wu Jian
Yredelemnul
Zin
The Shining One

Shops:
D:1 =


Innate Abilities, Weirdness & Mutations

You cannot be hasted, slowed, berserked, paralysed or teleported.
You can dig through walls and to a lower floor.
You have a pair of large antennae on your head. (SInv)
Your four strong arms can wield two-handed weapons with a shield.


Message History

The ten-headed hydra bites you but does no damage.
You block the ten-headed hydra's attack.
The ten-headed hydra bites you. The ten-headed hydra barely misses you.
The ten-headed hydra bites you but does no damage.
You block the ten-headed hydra's attack.
The ten-headed hydra bites you.
* * * LOW HITPOINT WARNING * * *
The ten-headed hydra bites you!
* * * LOW HITPOINT WARNING * * *
The ten-headed hydra barely misses you.
Okay, then.
Okay, then. [a] - 682 gold - heal wounds, magic, resistance and invisibility [b] - 360 gold - heal wounds, curing and resistance [c] - 250 gold - resistance Purchase which effect?
You no longer have enough gold to fund merchants seeking to open stores in the dungeon.
You feel much better. Magic courses through your body.
You feel protected.
You fade into invisibility!
The ten-headed hydra bites you but does no damage.
You block the ten-headed hydra's attack. x2
The ten-headed hydra bites you. x3
* * * LOW HITPOINT WARNING * * *
The ten-headed hydra bites you but does no damage. x2
The ten-headed hydra bites you!
* * * LOW HITPOINT WARNING * * *
The ten-headed hydra barely misses you.
You lop one of the ten-headed hydra's heads off!
The nine-headed hydra grows two more!
You slice the 11-headed hydra!!
The 11-headed hydra is heavily wounded.
The 11-headed hydra bites you but does no damage. x2
The 11-headed hydra misses you.
The 11-headed hydra bites you but does no damage. x2
The 11-headed hydra closely misses you. The 11-headed hydra barely misses you.
The 11-headed hydra bites you but does no damage.
The 11-headed hydra bites you!
* * * LOW HITPOINT WARNING * * *
The 11-headed hydra bites you!
You die...
Your body crumbles into a pile of gold.

.......# #........
.......# ...........#
#........ .......#
#..........## +........
.......+ #...........
#........ .......#
#..........# #........
.......# #..........#
#........ .......#
#..........# #........
###'#### #.....D....#
#####'### #...# #@##
#..# ..### #..# ##<#
####### ##.# #.#
.....># #####.####
####'## ......#
#........# #......
...>..# #........#
#...... ......#
##........# #......
....<.#
#..........######......
......#
..#........#....'......


You could see a 11-headed hydra (unable to see you, drained).

Vanquished Creatures
  Joseph (D:7)
  A kobold demonologist (D:7)
  A troll (D:8)
  A hornet (D:8)
  Sigmund (D:3)
  A yak (D:6)
  A wyvern (D:9)
  2 steam dragons (D:8)
  Eustachio (D:6)
  Edmund (D:4)
  Duvessa (D:6)
  2 water moccasins
  3 orc warriors
  2 black bears
  2 ice beasts (D:6)
  2 sky beasts
  2 ogres
  2 centaurs
  6 bullfrogs
  5 kobold brigands
  3 necrophages
  A gnoll sergeant (D:6)
  A scorpion (D:6)
  10 wights
  Dowan (D:6)
  13 killer bees
  A howler monkey (D:6)
  An electric eel (D:7)
  2 orc priests
  5 hounds
  3 jellies
  4 iguanas
  6 orc wizards
  6 adders
  A shadow imp (D:6)
  A white imp (D:6)
  2 worms
  23 orcs
  7 ball pythons
  7 bats
  5 endoplasms
  9 goblins
  11 hobgoblins
  5 jackals
  5 quokkas
  A frilled lizard (D:3)
  14 kobolds
  5 rats
191 creatures vanquished.

Notes
Turn   | Place    | Note
-------+----------+-------------------------------------------
     0 | D:1      | Descartes the Formicid Fighter began the quest for the Orb.
     0 | D:1      | Reached XP level 1. HP: 18/18 MP: 1/1
   232 | D:1      | Reached XP level 2. HP: 24/24 MP: 2/2
   319 | D:1      | Found a faded altar of an unknown god.
   674 | D:1      | Found Duopn's Jewellery Shop.
  1166 | D:2      | Reached XP level 3. HP: 28/29 MP: 3/3
  1793 | D:2      | Reached XP level 4. HP: 21/35 MP: 4/4
  1922 | D:2      | You fall into a shaft and drop 1 floor!
  2304 | D:2      | Reached skill level 1 in Evocations
  2494 | D:3      | Reached skill level 1 in Maces & Flails
  2494 | D:3      | Reached XP level 5. HP: 36/41 MP: 5/5
  2585 | D:3      | Reached skill level 1 in Hexes
  2805 | D:3      | Reached skill level 5 in Shields
  2805 | D:3      | Reached skill level 1 in Translocations
  3072 | D:4      | Noticed Sigmund
  3242 | D:3      | Killed Sigmund
  3243 | D:3      | Reached skill level 1 in Polearms
  3243 | D:3      | Reached XP level 6. HP: 35/48 MP: 6/6
  3850 | D:3      | HP: 1/48 [orc wizard/puff of flame (7)]
  3854 | D:3      | Reached XP level 7. HP: 8/53 MP: 7/7
  4458 | D:5      | Entered Level 5 of the Dungeon
  4479 | D:5      | Noticed Edmund
  4522 | D:4      | HP: 1/54 [Edmund/+1 dire flail of protection (9)]
  4526 | D:4      | Killed Edmund
  4874 | D:5      | Found a staircase to the Ecumenical Temple.
  4898 | Temple   | Entered the Ecumenical Temple
  4898 | Temple   | Found a transporter.
  4898 | Temple   | Found a transporter.
  4900 | Temple   | Found a transporter.
  4900 | Temple   | Found a transporter.
  5038 | Temple   | Became a worshipper of Gozag Ym Sagoz the Greedy
  5080 | D:5      | Reached skill level 6 in Shields
  5170 | D:5      | Identified the +10 battleaxe of Blood-Lust {drain, rPois
                  | Str+3 Dex+5 Stlth-}
  5212 | D:5      | Reached skill level 5 in Armour
  5342 | D:5      | Reached XP level 8. HP: 31/60 MP: 8/8
  5909 | D:6      | Noticed Dowan
  5910 | D:6      | Noticed Duvessa
  5947 | D:6      | Killed Dowan
  6204 | D:6      | Killed Duvessa
  6523 | D:6      | Learned a level 2 spell: Ensorcelled Hibernation
  6527 | D:6      | Learned a level 3 spell: Dazzling Flash
  6800 | D:5      | Reached skill level 7 in Shields
  6970 | D:6      | Reached XP level 9. HP: 66/66 MP: 9/9
  7022 | D:6      | Reached skill level 5 in Fighting
  7479 | D:6      | Reached skill level 8 in Shields
  8244 | D:6      | Noticed Eustachio
  8260 | D:6      | Killed Eustachio
  8261 | D:6      | Reached XP level 10. HP: 74/74 MP: 10/10
  8566 | D:7      | Reached skill level 9 in Shields
  9022 | D:7      | Noticed Joseph
  9071 | D:7      | Killed Joseph
  9452 | D:7      | Noticed a kobold demonologist
  9457 | D:7      | Killed a kobold demonologist
  9458 | D:7      | Reached skill level 5 in Hexes
  9505 | D:7      | Found a white marble altar of Elyvilon.
  9819 | D:8      | Reached skill level 5 in Axes
 10091 | D:8      | Reached skill level 5 in Evocations
 10091 | D:8      | Reached XP level 11. HP: 72/80 MP: 11/11
 10914 | D:8      | Found a hide-covered altar of Uskayaw.
 10954 | D:8      | Reached skill level 10 in Shields
 11146 | D:9      | Found a staircase to the Lair.
 11456 | D:9      | Noticed an eight-headed hydra
 11463 | D:9      | Slain by an 11-headed hydra

Illustrated notes

Levels and vault maps discovered:
D:1:      wheals_arrival_shading, layout_basic, serial_shops,
          nicolae_shop_behind_doors, hellmonk_ecumenical_altar_inner_sanctum
D:2:      minmay_chambers_of_ones, layout_basic
D:3:      layout_rooms
D:4:      layout_gridville, uniq_sigmund
D:5:      layout_loops_ring, minmay_temple_entry_crystal_x, uniq_edmund
D:6:      layout_gridville, minmay_joined_circles, uniq_eustachio, uniq_duvessa
D:7:      layout_cave_pools, elyvilon_altar_5, hangedman_glass_teeth,
          grunt_decor_mini_mirrors, roderic_serpentine_path, minmay_misc_feat_x,
          water_boxes_lemuel, uniq_joseph
D:8:      layout_cave_pods, overflow_temple_1_default, minivault_27
D:9:      layout_roguey, gammafunk_temple_overflow_pools, lair_entry_dummy
Temple:   hellmonk_temple_divided_pantheon

Skill      XL: |  1  2  3  4  5  6  7  8  9 10 11 |
---------------+----------------------------------+-----
Evocations     | 1 2 3 4 5 |  5.1
Maces & Flails | 1 2 3 4 |  4.6
Hexes          | 1 2 3 4 5 |  5.4
Armour         | 4 5 6 8 |  8.3
Shields        | 5 6 7 8 9 10 | 10.1
Translocations | 1 2 3 4 |  4.2
Polearms       | 1 2 3 4 |  4.6
Fighting       | 4 5 6 |  6.2
Axes           | 3 4 5 |  5.2

Action                   |  1- 3 |  4- 6 |  7- 9 | 10-12 || total
-------------------------+-------+-------+-------+-------++-------
Melee: War axe           |    81 |   127 |       |       ||   208
       Whip              |       |    49 |    34 |       ||    83
       Dire flail        |       |       |    33 |       ||    33
       Battleaxe         |       |       |   117 |   113 ||   230
Invok: Potion Petition   |       |       |       |     1 ||     1
 Abil: Dig               |       |       |       |     1 ||     1
Evoke: Wand              |       |       |    13 |       ||    13
  Use: Potion            |       |     1 |     2 |     3 ||     6
       Scroll            |       |       |       |    13 ||    13
Armor: Scale mail        |    46 |    85 |     8 |       ||   139
       Leather armour    |       |       |    35 |    64 ||    99
Dodge: Dodged            |    32 |   126 |   113 |   115 ||   386
Block: Buckler           |    23 |    53 |    71 |    54 ||   201

Table legend: (Time is in decaauts)
 A = Elapsed time spent in this place.
 B = Non-inter-level travel time spent in this place.
 C = Inter-level travel time spent in this place.
 D = Time resting spent in this place.
 E = Time spent auto-exploring this place.
 F = Levels seen in this place.
 G = Mean time per level.
                   A        B        C        D        E       F      G
               +--------+--------+--------+--------+--------+-----+--------+
         Total |  11668 |  11258 |    410 |    114 |   9248 |  10 | 1166.8 |
       Dungeon |  11515 |  11105 |    410 |     14 |   9247 |   9 | 1279.4 |
        Temple |    153 |    153 |      0 |    100 |      1 |   1 |  153.0 |
               +--------+--------+--------+--------+--------+-----+--------+

Top non-repeatable levels by time:
     D:6: 2191 daAuts
     D:5: 1616 daAuts
     D:7: 1343 daAuts
     D:2: 1322 daAuts
     D:3: 1249 daAuts
     D:4: 1221 daAuts
     D:8: 1147 daAuts
     D:1: 1058 daAuts
     D:9: 365 daAuts
  Temple: 153 daAuts
